 Dungeon Crawl Stone Soup version 0.26-a0-598-g61e6210cf4 (webtiles) character file.

Game seed: 13920818023992625426

1141 ANON1729 the Nimble (level 8, -1/42 HPs)
             Began as a Spriggan Fighter on Aug 27, 2020.
             Was an Initiate of Qazlal.
             Slain by a wight
             ... wielding a +2 halberd
              (8 damage)
             ... on level 6 of the Dungeon.
             The game lasted 00:14:56 (10318 turns).

ANON1729 the Nimble (Spriggan Fighter)             Turns: 10318, Time: 00:14:57

Health: -1/42      AC:  2    Str: 14    XL:     8   Next: 14%
Magic:  10/10      EV: 23    Int: 10    God:    Qazlal [......]
Gold:   289        SH:  0    Dex: 15    Spells: 7/7 levels left

rFire    . . .     SeeInvis +   w - +4 short sword (speed)
rCold    . . .     Faith    .   (shield restricted)
rNeg     . . .     Spirit   .   b - +0 robe
rPois    .         Reflect  .   (helmet restricted)
rElec    .         Harm     .   (no cloak)
rCorr    .                      (gloves unavailable)
MR       ++...                  (boots unavailable)
Stlth    +.........             (no amulet)
HPRegen  0.14/turn              u - ring of protection from magic
MPRegen  0.12/turn              (no ring)

@: mighty, lightly drained, very quick
A: very small, unfitting armour, see invisible, speed 3
a: Renounce Religion


You were on level 6 of the Dungeon.
You worshipped Qazlal.
Qazlal was noncommittal.
You visited 2 branches of the dungeon, and saw 7 of its levels.

You collected 289 gold pieces.

Inventory:

Hand Weapons
 a - a +0 rapier
 r - the +5 flail of Quzar {holy, rElec MR+ Dex-3}
   (You found it on level 6 of the Dungeon)

   It has been blessed by the Shining One to cause great damage to the undead
   and demons.
   It affects your dexterity (-3).
   It insulates you from electricity.
   It affects your resistance to hostile enchantments.
 v - a +0 shortbow
 w - a +4 short sword of speed (weapon)
Missiles
 A - a throwing net (quivered)
Armour
 b - a +0 robe (worn)
 c - a +0 buckler
Jewellery
 u - a ring of protection from magic (left hand)
Wands
 k - a wand of random effects (5)
 y - a wand of flame (10)
 C - a wand of enslavement (7)
Scrolls
 e - 3 scrolls of remove curse
 f - 2 scrolls of enchant weapon {unknown}
 g - 2 scrolls of immolation
 o - 2 scrolls of fear {unknown}
 q - a scroll of amnesia
 s - 3 scrolls of teleportation
 t - a scroll of fog {unknown}
 B - a scroll of identify
Potions
 d - 2 potions of might
 h - a potion of invisibility {unknown}
 i - 5 potions of curing
 j - a potion of cancellation {unknown}
 l - 3 potions of mutation {unknown}
 m - a potion of flight {unknown}
 n - 2 potions of stabbing {unknown}
 p - a potion of magic {unknown}
 x - 2 potions of heal wounds {unknown}
 z - a potion of degeneration {unknown}


   Skills:
 + Level 4.7(4.2) Fighting
 + Level 5.6(5.1) Short Blades
 * Level 2.9(2.5) Bows
 + Level 8.3(7.9) Dodging
 - Level 2.3(1.9) Shields
 + Level 2.2(1.8) Invocations
 + Level 3.1(2.7) Evocations


You had 7 spell levels left.
You didn't know any spells.
Your spell library contained the following spells:

 Spells                   Type           Power        Failure   Level
 Corona                   Hex            #......      36%         1
 Ensorcelled Hibernation  Hex/Ice        #.....       50%         2
 Confusing Touch          Hex            #.......     75%         3
 Dazzling Flash           Conj/Hex       #.....       75%         3
 Tukima's Dance           Hex            #.......     75%         3


Dungeon Overview and Level Annotations

Branches:
Dungeon (6/15)             Temple (1/1) D:4

Altars:
Ashenzari
Cheibriados
Dithmenos
Elyvilon
Gozag
Hepliaklqana
Kikubaaqudgha
Makhleb
Nemelex Xobeh
Okawaru
Qazlal
Ru
Sif Muna
Vehumet
Wu Jian
Xom
Yredelemnul
The Shining One

Shops:
D:4 [[}=   D:5 :


Innate Abilities, Weirdness & Mutations

You are very small and have problems with some larger weapons.
You are too small for most types of armour.
You have supernaturally acute eyesight. (SInv)
You cover ground extremely quickly.


Message History

The wight is moderately damaged.
The wight misses you.
You barely miss the wight.
The wight is moderately damaged.
You completely miss the wight.
The wight is moderately damaged.
The wight completely misses you.
You hit the wight.
The wight is severely damaged.
You impale the wight!!
You destroy the wight!
Qazlal accepts your kill.
You puncture the orc!
You kill the orc!
Qazlal accepts your kill. The wight misses you.
The wight hits you with a +2 halberd!
* * * LOW HITPOINT WARNING * * *
You feel drained.
You die...

######## #...@z.# #.####z#
# ... #..# # ## #### #.##
####.. ##z# ..?... #.z#
##### ......####
#.####...# ... #....#####
#.#......#
....#........###...##...##


You could see 2 wights.

Vanquished Creatures
  Duvessa (D:4)
  An orc warrior (D:4)
  A centaur (D:5)
  A bullfrog (D:5)
  Dowan (D:3)
  A scorpion (D:5)
  A howler monkey (D:6)
  2 wights (D:6)
  2 jellies (D:6)
  3 orc priests
  2 hounds (D:5)
  3 orc wizards
  3 worker ants
  A howler monkey zombie (D:6)
  Robin (D:2)
  5 adders
  A white imp (D:3)
  An ooze (D:2)
  2 worms
  A dart slug (D:2)
  3 leopard geckos
  18 orcs
  3 giant cockroaches
  24 goblins
  7 hobgoblins
  9 jackals
  5 quokkas
  2 ball pythons
  9 bats
  9 frilled lizards
  8 kobolds
  7 rats
138 creatures vanquished.

Vanquished Creatures (others)
  4 withered plants (D:4)
4 creatures vanquished.

Grand Total: 142 creatures vanquished

Notes
Turn   | Place    | Note
-------+----------+-------------------------------------------
     0 | D:1      | ANON1729 the Spriggan Fighter began the quest for the Orb.
     0 | D:1      | Reached XP level 1. HP: 11/11 MP: 2/2
   214 | D:1      | Reached XP level 2. HP: 13/16 MP: 3/3
   583 | D:1      | Reached skill level 5 in Dodging
   623 | D:1      | Reached XP level 3. HP: 10/19 MP: 4/4
   935 | D:2      | Found a shimmering altar of Xom.
   957 | D:2      | Noticed Robin
  2415 | D:2      | Killed Robin
  2415 | D:2      | Reached XP level 4. HP: 23/24 MP: 5/5
  4362 | D:3      | Found a sacrificial altar of Ru.
  4411 | D:3      | Reached skill level 6 in Dodging
  4411 | D:3      | Reached XP level 5. HP: 28/28 MP: 6/6
  4807 | D:3      | Found a shadowy altar of Dithmenos.
  5526 | D:4      | Noticed Duvessa
  5526 | D:4      | Noticed Dowan
  5533 | D:4      | Killed Duvessa
  5533 | D:4      | Reached XP level 6. HP: 19/33 MP: 7/7
  5805 | D:3      | Killed Dowan
  5974 | D:4      | Reached skill level 7 in Dodging
  6075 | D:4      | Found Keoddewa's Antique Armour Shoppe.
  6109 | D:4      | Found Lolao's Armour Boutique.
  6161 | D:4      | Found an ancient bone altar of Kikubaaqudgha.
  6873 | D:4      | Found Nafa's Gadget Boutique.
  6961 | D:4      | Found Sosy's Jewellery Shoppe.
  6999 | D:4      | Found a staircase to the Ecumenical Temple.
  7178 | Temple   | Entered the Ecumenical Temple
  7256 | Temple   | Became a worshipper of Qazlal Stormbringer
  7454 | D:5      | Entered Level 5 of the Dungeon
  7455 | D:5      | Found Viob's Book Shoppe.
  7457 | D:5      | Noticed an orc warrior
  7538 | D:4      | Killed an orc warrior
  7538 | D:4      | Reached skill level 5 in Short Blades
  7538 | D:4      | Reached skill level 1 in Evocations
  7538 | D:4      | Reached XP level 7. HP: 22/37 MP: 8/8
  8153 | D:5      | Reached skill level 1 in Invocations
  8433 | D:5      | Found a shimmering blue altar of Sif Muna.
  9829 | D:5      | Reached skill level 1 in Bows
  9857 | D:6      | Reached skill level 8 in Dodging
 10201 | D:6      | Found a radiant altar of Vehumet.
 10203 | D:6      | Found a shattered altar of Ashenzari.
 10210 | D:6      | Found an iron altar of Okawaru.
 10239 | D:6      | Reached XP level 8. HP: 32/42 MP: 10/10
 10293 | D:6      | Got a smoking flail
 10294 | D:6      | Identified the +5 flail of Quzar {holy, rElec MR+ Dex-3}
                  | (You found it on level 6 of the Dungeon)
 10318 | D:6      | Slain by a wight

Illustrated notes

Levels and vault maps discovered:
D:1:      psy_arrival_terrarium, layout_loops_ring
D:2:      layout_rooms, xom_butterflies, minmay_fractal_squares_gapless_5,
          uniq_robin
D:3:      layout_loops_ring, nicolae_dithmenos_shadow_blocks,
          nicolae_ru_great_annihilating_truth
D:4:      layout_basic, kiku_gazebo_garden_becter,
          minmay_temple_entry_nine_rooms, serial_shops, nicolae_shop_crystal,
          shop, kennysheep_little_box, nicolae_shop_competitors_out_of_business,
          kennysheep_generic_room_7, uniq_duvessa
D:5:      layout_loops_ring, nicolae_overflow_crystal_walls, serial_shops, shop,
          bh_walls_and_bars
D:6:      layout_rooms, grunt_temple_overflow_open, cheibrodos_sewer_entry_drain
Temple:   jpeg_temple_alley_garden

Skill      XL: |  1  2  3  4  5  6  7  8 |
---------------+-------------------------+-----
Dodging        | 5 6 7 8 |  8.3
Short Blades   | 3 4 5 |  5.6
Fighting       | 3 4 |  4.7
Evocations     | 1 2 3 |  3.1
Invocations    | 2 |  2.2
Bows           | 2 |  2.9
Shields        | |  2.3

Action                   |  1- 3 |  4- 6 |  7- 9 || total
-------------------------+-------+-------+-------++-------
Melee: Rapier            |   164 |   205 |       ||   369
       Short sword       |       |   102 |    98 ||   200
       Flail             |       |       |     7 ||     7
 Fire: Shortbow          |       |       |    31 ||    31
Throw: Throwing net      |       |       |     1 ||     1
Evoke: Wand              |       |     7 |       ||     7
  Use: Scroll            |       |     6 |       ||     6
       Potion            |       |       |     1 ||     1
 Stab: Sleeping          |     1 |     2 |     2 ||     5
       Paralysed         |       |     4 |       ||     4
Armor: Robe              |    13 |    14 |     5 ||    32
Dodge: Dodged            |   142 |   194 |   104 ||   440
Block: Buckler           |    46 |    71 |    14 ||   131

Table legend: (Time is in decaauts)
 A = Elapsed time spent in this place.
 B = Non-inter-level travel time spent in this place.
 C = Inter-level travel time spent in this place.
 D = Time resting spent in this place.
 E = Time spent auto-exploring this place.
 F = Levels seen in this place.
 G = Mean time per level.
                   A        B        C        D        E       F      G
               +--------+--------+--------+--------+--------+-----+--------+
         Total |   8688 |   8462 |    226 |   5430 |   1797 |   7 | 1241.1 |
       Dungeon |   8550 |   8357 |    193 |   5430 |   1708 |   6 | 1425.0 |
        Temple |    138 |    106 |     32 |      0 |     88 |   1 |  138.0 |
               +--------+--------+--------+--------+--------+-----+--------+

Top non-repeatable levels by time:
     D:1: 2301 daAuts
     D:4: 2175 daAuts
     D:3: 1522 daAuts
     D:2: 1318 daAuts
     D:5: 1074 daAuts
     D:6: 157 daAuts
  Temple: 138 daAuts
